 Dungeon Crawl Stone Soup version 0.19.4-8-ga85b6b9 (webtiles) character file.

3341 equalderp2856 the Gouger (level 9, -7/39 HPs)
             Began as a Felid Fighter on Feb 12, 2017.
             Mangled by a wyvern (16 damage)
             ... on level 12 of the Dungeon on Feb 13, 2017.
             The game lasted 01:14:40 (17977 turns).

equalderp2856 the Gouger (Felid Fighter)           Turns: 17977, Time: 01:14:41

Health: -7/39      AC:  2    Str: 13    XL:     9   Next: 72%
Magic:  10/10      EV: 25    Int: 10    God:
Gold:   666        SH:  0    Dex: 17    Spells: 0 memorised, 8 levels left
                                        Lives:  0   Deaths: 2

rFire  + . .     SeeInvis +       - Unarmed
rCold  . . .     Gourm    .     (armour unavailable)
rNeg   . . .     Faith    .     (shield unavailable)
rPois  .         Spirit   .     (helmet unavailable)
rElec  .         Reflect  .     (cloak unavailable)
rCorr  .         Harm     .     (gloves unavailable)
MR     +....                    (boots unavailable)
Stlth  +++++.....               j - amulet of rage
                                (no ring)
                                C - ring of protection from fire

@: marked, quick
A: no armour, no weapons or thrown items, stealth, claws 1, fangs 3, see
invisible, carnivore 3, speed 1, shaggy fur 2, slow metabolism 1, sharp paws
a: Evoke Berserk Rage


You were on level 12 of the Dungeon.
You were not hungry.

You visited 2 branches of the dungeon, and saw 11 of its levels.

You collected 666 gold pieces.

Inventory:

Missiles
 w - 12 curare-tipped needles
 B - 34 poisoned needles
 D - 3 tomahawks of returning
Jewellery
 j - an amulet of rage (around neck)
 u - an uncursed ring of flight
 y - an uncursed amulet of rage
 C - a ring of protection from fire (left paw)
Wands
 e - a wand of confusion (7/48)
Scrolls
 f - 7 scrolls of identify
 g - 2 scrolls of recharging
 i - 2 scrolls of amnesia
 r - 5 scrolls of magic mapping
 s - 3 scrolls of remove curse
Potions
 a - 2 potions of heal wounds {unknown}
 h - 3 potions of might
 k - a potion of cure mutation
 l - 2 potions of lignification
 m - a potion of mutation {unknown}
 o - a potion of degeneration {unknown}
 p - 2 potions of agility {unknown}
 q - a potion of beneficial mutation
 t - a potion of berserk rage {unknown}
 v - 2 potions of invisibility
 x - a potion of magic {unknown}
 A - a potion of haste
 F - a potion of brilliance {unknown}
Comestibles
 b - 15 meat rations
 c - 10 fruits
 d - 9 bread rations
 n - a royal jelly
 z - 7 slices of pizza
 E - a beef jerky


   Skills:
 + Level 4.6 Fighting
 + Level 9.3 Dodging
 + Level 9.8 Stealth
 + Level 11.4 Unarmed Combat


You had 8 spell levels left.
You didn't know any spells.

Dungeon Overview and Level Annotations

Branches:
Dungeon (9/15)             Temple (1/1) D:7
   Lair: D:8-11         Orc: D:9-12

Altars:
Ashenzari
Cheibriados
Dithmenos
Elyvilon
Fedhas
Gozag
Hepliaklqana
Kikubaaqudgha
Makhleb
Nemelex Xobeh
Okawaru
Qazlal
Ru
Sif Muna
Trog
Uskayaw
Vehumet
Xom
Yredelemnul
Zin
The Shining One

Shops:
D:4 *   D:6 [

Annotations:
D:4 Grinder
D:9 Erica; Mefis's ghost, journeyman DEWz


Innate Abilities, Weirdness & Mutations

You cannot wear armour.
You are incapable of wielding weapons or throwing items.
Your paws allow you to move quietly. (Stealth)
You have sharp claws.
You have razor-sharp teeth.
You have supernaturally acute eyesight. (SInv)
You are carnivorous and can eat meat at any time.
You cover ground quickly.
You are covered in thick fur. (AC +2)
You have a slow metabolism.
Your sharp claws are effective at attacking unaware monsters.


Message History

A sentinel's mark forms upon you.
You hear a shout!
You hear an angry hiss.
You hear a shout! x7
You hear a bellow! x5
A wyvern comes into view.
Found an amethyst potion.
The wyvern misses you. The wyvern completely misses you.
A centaur comes into view.
The centaur wields a shortbow.
The centaur shoots an arrow.
The arrow completely misses you. The wyvern completely misses you.
Found a bread ration.
The wyvern bites you.
Found a cloak.
The wyvern bites you!
Found a spear.
Found 23 gold pieces.
The centaur shoots an arrow.
The arrow hits you!
* * * LOW HITPOINT WARNING * * *
The wyvern bites you!
You die...

### # ..# .# $.
###.##.###..##
.............
##............
......[#...#
...#.###.##..#...#
.......@l........##
#....###).c...%....
... ####......# #
#.##...# #.##...#
#.##...#
#.####.##...####.
#..#.....?.
..................
#..#.##.#.#
.#..###.##c..####


You could see a wyvern and a centaur.

Vanquished Creatures
  A centaur warrior (D:12)
  Prince Ribbit (D:5)
  A human (D:8)
  3 water moccasins
  2 orc warriors (D:6)
  3 phantoms (D:4)
  A sky beast (D:8)
  3 ice beasts
  4 ogres
  A necrophage (D:6)
  2 centaurs
  A big kobold (D:12)
  2 bullfrogs
  2 gnoll sergeants
  A wyvern skeleton (D:9)
  4 scorpions
  A howler monkey (D:6)
  7 crimson imps
  2 bullfrog zombies
  A jelly (D:8)
  A centaur zombie (D:6)
  2 orc priests (D:6)
  6 hounds
  2 bullfrog skeletons
  2 orc wizards (D:8)
  An iguana (D:8)
  Natasha (D:4)
  3 worker ants
  A hound skeleton (D:7)
  A worker ant zombie (D:6)
  12 gnolls
  9 adders
  A shadow imp (D:5)
  2 oozes
  2 adder skeletons
  A worm (D:2)
  5 leopard geckos
  15 orcs
  13 bats
  9 giant cockroaches
  6 goblins
  8 hobgoblins
  9 jackals
  9 kobolds
  9 quokkas
  A ball python (D:3)
  6 frilled lizards
  A jackal skeleton (D:4)
  26 rats
207 creatures vanquished.

Vanquished Creatures (others)
  4 withered plants (D:6)
4 creatures vanquished.

Grand Total: 211 creatures vanquished

Notes
Turn   | Place    | Note
-------+----------+-------------------------------------------
     0 | D:1      | equalderp2856 the Felid Fighter began the quest for the Orb.
     0 | D:1      | Reached XP level 1. HP: 10/10 MP: 2/2
   394 | D:1      | Reached XP level 2. HP: 11/14 MP: 3/3
  1479 | D:2      | Reached XP level 3. HP: 17/17 MP: 4/4
  2102 | D:2      | Reached skill level 1 in Stealth
  2595 | D:3      | Found an opulent altar of Gozag.
  2911 | D:3      | Reached skill level 5 in Unarmed Combat
  2916 | D:3      | Reached XP level 4. HP: 21/21 MP: 5/5
  3126 | D:3      | Found a glowing drain.
  3130 | D:3      | Noticed a gnoll sergeant
  3933 | D:3      | Reached skill level 5 in Dodging
  3936 | D:3      | Reached XP level 5. HP: 16/24 MP: 6/6
  4279 | D:4      | Noticed a phantom
  4484 | D:4      | Noticed a phantom
  4548 | D:4      | Noticed Natasha
  4631 | D:4      | Found a sparkling altar of Nemelex Xobeh.
  4641 | D:4      | Gained mutation: Your mind is acute. (Int +2) [potion of beneficial mutation]
  4658 | D:4      | Killed a phantom
  4658 | D:4      | Reached skill level 6 in Unarmed Combat
  4658 | D:4      | Gained mutation: You are covered in thick fur. (AC +2) [Felid growth]
  4658 | D:4      | Reached XP level 6. HP: 16/28 MP: 7/7
  5143 | D:4      | Noticed Grinder
  5219 | D:4      | Found Kiushru's Assorted Antiques.
  6142 | D:4      | Lost mutation: Your mind is acute. (Int +2) [potion of cure mutation]
  6565 | D:4      | Reached XP level 7. HP: 24/31 MP: 8/8
  6746 | D:5      | Entered Level 5 of the Dungeon
  6968 | D:5      | Found a deep blue altar of Sif Muna.
  7480 | D:5      | Noticed Prince Ribbit
  7652 | D:5      | Killed Prince Ribbit
  7652 | D:5      | Reached skill level 5 in Stealth
  7652 | D:5      | Reached skill level 7 in Unarmed Combat
  8459 | D:6      | Found Uweuj's Armour Emporium.
  8496 | D:6      | Found a basalt altar of Yredelemnul.
  9130 | D:6      | Reached XP level 8. HP: 9/36 MP: 9/9
  9756 | D:5      | Reached skill level 8 in Unarmed Combat
 11521 | D:4      | Killed Natasha
 12745 | D:6      | Killed from afar by an orc priest
 12746 | D:6      | Reached XP level 7. HP: -7/31 MP: 8/8
 12815 | D:6      | Reached skill level 9 in Unarmed Combat
 12911 | D:7      | Slain by a wight
 12912 | D:7      | Reached XP level 6. HP: 0/28 MP: 7/7
 12922 | D:7      | Noticed a water moccasin
 12940 | D:7      | Killed a water moccasin
 12940 | D:7      | Reached XP level 7. HP: 17/32 MP: 8/8
 14124 | D:5      | Reached XP level 8. HP: 36/36 MP: 9/9
 14644 | D:7      | Found a staircase to the Ecumenical Temple.
 14650 | D:7      | Reached skill level 10 in Unarmed Combat
 14660 | Temple   | Entered the Ecumenical Temple
 16394 | D:8      | Reached XP level 9. HP: 39/39 MP: 10/10
 16966 | D:9      | Noticed Mefis's ghost (journeyman DEWz)
 17261 | D:9      | Reached skill level 11 in Unarmed Combat
 17349 | D:9      | Noticed a troll
 17567 | D:9      | Noticed Erica
 17840 | D:9      | You fall through a shaft for 3 floors!
 17840 | D:12     | Noticed a centaur warrior
 17842 | D:12     | Killed a centaur warrior
 17897 | D:12     | Noticed a kobold demonologist
 17897 | D:12     | Noticed a kobold demonologist
 17977 | D:12     | Mangled by a wyvern

Skill      XL: |  1  2  3  4  5  6  7  8  9 |
---------------+----------------------------+-----
Stealth        | 1 2 3 4 7 9 |  9.8
Unarmed Combat | 5 6 9 10 11 | 11.4
Dodging        | 5 6 8 9 |  9.3
Fighting       | 4 |  4.6

Action                   |  1- 3 |  4- 6 |  7- 9 || total
-------------------------+-------+-------+-------++-------
Melee: Unarmed           |   136 |   158 |   399 ||   693
       Bite              |    11 |    19 |    32 ||    62
       Punch             |     3 |     4 |    20 ||    27
  Use: Potion            |       |    11 |     2 ||    13
       Scroll            |       |     1 |    16 ||    17
 Stab: Sleeping          |     3 |     6 |    13 ||    22
       Distracted        |       |       |     7 ||     7
  Eat: Chunk             |    11 |     4 |    11 ||    26
       Pizza             |       |       |     2 ||     2
Armor: Skin              |     9 |    13 |    10 ||    32
Dodge: Dodged            |   101 |   133 |   277 ||   511
